 Dungeon Crawl Stone Soup version 0.25.1-2-g60ff931df9 (webtiles) character file.

Game seed: 6915502229122280471

3818 nicanaca0 the Bludgeoner (level 9, -2/74 HPs)
             Began as a Minotaur Berserker on Sept 28, 2020.
             Was a High Priest of Trog.
             Slain by a yak (12 damage)
             ... on level 8 of the Dungeon.
             The game lasted 00:20:14 (9167 turns).

nicanaca0 the Bludgeoner (Minotaur Berserker)       Turns: 9167, Time: 00:20:15

Health: -2/74      AC: 10    Str: 27    XL:     9   Next: 97%
Magic:  8/8        EV:  9    Int:  9    God:    Trog [*****.]
Gold:   372        SH:  8    Dex: 15    Spells: 8/8 levels left

rFire    . . .     SeeInvis .   p - +0 flail
rCold    + . .     Gourm    .   x - +0 kite shield
rNeg     . . .     Faith    .   G - +1 ring mail of Follow the Leader {rC+ Int+2 Dex+4}
rPois    +         Spirit   .   (helmet restricted)
rElec    .         Reflect  .   f - +2 cloak {rPois}
rCorr    .         Harm     .   (no gloves)
MR       +....                  (no boots)
Stlth    +.........             (no amulet)
HPRegen  0.22/turn              H - ring of protection from magic
MPRegen  0.11/turn              D - +6 ring of strength

@: no status effects
A: retaliatory headbutt, horns 2
a: Berserk, Trog's Hand, Brothers in Arms, Renounce Religion


You were on level 8 of the Dungeon.
You worshipped Trog.
Trog was extremely pleased with you.
You were not hungry.

You visited 1 branch of the dungeon, and saw 9 of its levels.
You also visited: Sewer.

You collected 372 gold pieces.

Inventory:

Hand Weapons
 a - a +0 mace
 p - a +0 flail (weapon)
 s - a +0 morningstar
Missiles
 i - 238 arrows
 t - 11 boomerangs (quivered)
 J - 2 throwing nets
Armour
 b - a +3 ring mail
 f - a +2 cloak of poison resistance (worn)
 x - a +0 kite shield (worn)
 G - the +1 ring mail of Follow the Leader (worn) {rC+ Int+2 Dex+4}
   (You found it on level 7 of the Dungeon)

   It affects your intelligence (+2).
   It affects your dexterity (+4).
   It protects you from cold.
Jewellery
 D - a +6 ring of strength (right hand)
 H - a ring of protection from magic (left hand)
Wands
 v - a wand of random effects (18)
Scrolls
 h - 8 scrolls of identify
 j - a scroll of fear {unknown}
 k - 8 scrolls of remove curse
 l - a scroll of immolation {unknown}
 m - 8 scrolls of teleportation
 n - a scroll of blinking {unknown}
 o - 5 scrolls of magic mapping {unknown}
 w - a scroll of summoning {unknown}
 y - a scroll of enchant armour {unknown}
 B - a scroll of fog {unknown}
 C - a scroll of amnesia {unknown}
Potions
 d - 8 potions of heal wounds {unknown}
 e - 3 potions of brilliance {unknown}
 g - 7 potions of curing {unknown}
 q - 3 potions of haste {unknown}
 r - a potion of mutation {unknown}
 u - 2 potions of ambrosia {unknown}
 z - 2 potions of flight {unknown}
 A - a potion of degeneration {unknown}
 E - 3 potions of stabbing {unknown}
 F - 3 potions of might {unknown}
 I - a potion of lignification {unknown}
Comestibles
 c - 17 rations
 K - 2 chunks of flesh


   Skills:
 + Level 5.5 Fighting
 + Level 15.4 Maces & Flails
 + Level 4.8 Armour
 - Level 2.1 Dodging


You had 8 spell levels left.
You didn't know any spells.
Your spell library was empty.

Dungeon Overview and Level Annotations

Branches:
Dungeon (9/15)             Temple (0/1) D:6           Sewer (visited)
   Lair: D:8-11         Orc: D:9-12

Altars:
Cheibriados
Dithmenos
Fedhas
Hepliaklqana
Kikubaaqudgha
Makhleb
Nemelex Xobeh
Okawaru
Sif Muna
Uskayaw
Xom
Yredelemnul

Annotations:
D:8 exclusion: 2 oklob plants


Innate Abilities, Weirdness & Mutations

You reflexively headbutt those who attack you in melee.
You have a pair of horns on your head.


Message History

The yak is heavily wounded.
You block the yak's attack. x3; The yak misses you.
You furiously retaliate!
You headbutt the yak, but do no damage. The yak gores you!
The yak gores you but does no damage. The yak gores you. The yak gores you!
* * * LOW HITPOINT WARNING * * *
Some of the chunks of flesh in your inventory have rotted away.
The yak gores you!
* * * LOW HITPOINT WARNING * * *
There is a stone staircase leading up here.
You climb upwards.
Level annotation: exclusion: 2 oklob plants
There is a stone staircase leading down here.
A yak is nearby!
You sock the yak! Your headbutt misses the yak.
The yak is moderately wounded.
The yak gores you!
You die...

#######.................#..
###.....................
#.......<..#...###...##.
#..........##..##.......
###.............####..#...
#...........#....##...#.##
##..........#....###.....#
###....#..........##
##.#... #..##..#...@......#
###... #.........Y......##
##.# ###.:..#.....###.# ###
##...####.....##
###...###.....##
#..........####
#..........## #...#.......#
########..###


You could see a yak.

Vanquished Creatures
  A two-headed ogre (D:5)
  Sigmund (D:4)
  A spriggan (D:8)
  A wyvern (D:9)
  A yak (D:9)
  Menkaure (D:4)
  A sky beast (D:5)
  A phantom (D:5)
  An orc warrior (D:9)
  An ogre (D:7)
  6 centaurs
  A big kobold (Sewer)
  A bullfrog (D:7)
  A water moccasin zombie (D:5)
  2 scorpions
  A howler monkey (D:7)
  6 crimson imps
  A bullfrog zombie (D:4)
  11 hounds
  2 bullfrog skeletons
  2 orc wizards (D:6)
  2 iguanas
  6 worker ants
  A hound zombie (D:7)
  2 worker ant zombies
  A howler monkey zombie (D:6)
  5 gnolls
  5 river rats (Sewer)
  12 adders
  A shadow imp (D:6)
  An ooze (D:3)
  An adder zombie (D:6)
  4 worms
  A dart slug (D:2)
  6 leopard geckos
  14 orcs
  5 giant cockroaches
  15 goblins
  7 hobgoblins
  8 jackals
  30 kobolds
  2 quokkas
  6 ball pythons
  5 bats
  2 frilled lizards
  A jackal zombie (D:5)
  29 rats
216 creatures vanquished.

Vanquished Creatures (others)
  4 plants (D:9)
4 creatures vanquished.

Grand Total: 220 creatures vanquished

Notes
Turn   | Place    | Note
-------+----------+-------------------------------------------
     0 | D:1      | nicanaca0 the Minotaur Berserker began the quest for the
                  | Orb.
     0 | D:1      | Reached XP level 1. HP: 19/19 MP: 0/0
   157 | D:1      | Reached skill level 4 in Maces & Flails
   423 | D:1      | Reached XP level 2. HP: 24/26 MP: 1/1
   545 | D:1      | Reached skill level 5 in Maces & Flails
   599 | D:1      | Reached XP level 3. HP: 28/31 MP: 2/2
   827 | D:1      | Reached ** piety under Trog
  1414 | D:2      | Found a faded altar of an unknown god.
  1424 | D:2      | Reached skill level 6 in Maces & Flails
  1424 | D:2      | Reached XP level 4. HP: 34/39 MP: 3/3
  2054 | D:3      | Found a sparkling altar of Nemelex Xobeh.
  2238 | D:3      | Reached XP level 5. HP: 44/45 MP: 4/4
  2282 | D:3      | Reached *** piety under Trog
  2282 | D:3      | Reached skill level 7 in Maces & Flails
  2697 | D:3      | Found a shimmering blue altar of Sif Muna.
  2920 | D:4      | Reached skill level 8 in Maces & Flails
  3078 | D:4      | Reached XP level 6. HP: 44/51 MP: 5/5
  3137 | D:4      | Noticed Sigmund
  3155 | D:4      | Killed Sigmund
  3155 | D:4      | Reached skill level 9 in Maces & Flails
  3255 | D:4      | Noticed Menkaure
  3260 | D:4      | Killed Menkaure
  3260 | D:4      | Reached XP level 7. HP: 57/57 MP: 6/6
  3549 | D:4      | Reached skill level 10 in Maces & Flails
  3734 | D:5      | Entered Level 5 of the Dungeon
  4085 | D:5      | Reached skill level 11 in Maces & Flails
  4275 | D:5      | Noticed a two-headed ogre
  4287 | D:5      | HP: 2/85 [two-headed ogre/+0 giant club (18)]
  4288 | D:5      | Killed a two-headed ogre
  4288 | D:5      | Reached skill level 13 in Maces & Flails
  4288 | D:5      | Reached XP level 8. HP: 2/64 MP: 7/7
  4737 | D:5      | Found a sparkling altar of Nemelex Xobeh.
  4739 | D:5      | Found a shimmering altar of Xom.
  4739 | D:5      | Found a shimmering altar of Xom.
  4741 | D:5      | Found a basalt altar of Yredelemnul.
  4741 | D:5      | Found an iron altar of Okawaru.
  4741 | D:5      | Found a hide-covered altar of Uskayaw.
  4990 | D:6      | Found a shadowy altar of Dithmenos.
  5117 | D:6      | Found a staircase to the Ecumenical Temple.
  5303 | D:6      | Found a glowing drain.
  5315 | Sewer    | Entered a sewer
  5421 | Sewer    | Reached **** piety under Trog
  5980 | Sewer    | Reached XP level 9. HP: 68/70 MP: 8/8
  6235 | D:6      | Reached skill level 14 in Maces & Flails
  6839 | D:7      | Reached ***** piety under Trog
  6877 | D:7      | Found a basalt altar of Yredelemnul.
  6909 | D:7      | Got a jewelled ring mail
  6968 | D:7      | Found an ancient bone altar of Kikubaaqudgha.
  7153 | D:7      | Found a hazy altar of Hepliaklqana.
  7218 | D:7      | Identified the +1 ring mail of Follow the Leader {rC+ Int+2
                  | Dex+4} (You found it on level 7 of the Dungeon)
  7398 | D:8      | Reached skill level 15 in Maces & Flails
  7951 | D:8      | Found a blossoming altar of Fedhas.
  7954 | D:8      | Noticed an oklob plant
  7954 | D:8      | Noticed an oklob plant
  8425 | D:8      | Found a burning altar of Makhleb.
  8734 | D:9      | Reached skill level 5 in Fighting
  8809 | D:9      | Found a snail-covered altar of Cheibriados.
  9167 | D:8      | Slain by a yak

Illustrated notes

Levels and vault maps discovered:
D:1:      minmay_arrival_plants_in_alcoves, layout_loops_ring
D:2:      layout_loops_ring, chequers_ecumenical_altar_simple
D:3:      layout_loops_ring, lemuel_crystal_altar,
          minmay_misc_feat_four_crosses, minmay_misc_feat_doors,
          grunt_ministairs_1, led_sif_pool
D:4:      layout_loops_ring, first_ration, uniq_menkaure, uniq_sigmund
D:5:      layout_basic, doesnt_xom_only_xom
D:6:      layout_cave_pods, grunt_dithmenos_smoke_and_mirrors,
          minmay_temple_entry_enclosed_plants, portal_sewer_entry_b,
          corexii_checkpoint_a
D:7:      layout_gridville, kennysheep_mini_moat, yredelemnul_altar_generic,
          lemuel_doored_altar
D:8:      layout_cave_pools, makhleb_grotto_becter, the_bakery,
          hangedman_tree_tricks
D:9:      layout_stronghold, cheibriados_altar_1,
          nicolae_overflow_crystal_walls, minmay_shattered_shrine

Skill      XL: |  1  2  3  4  5  6  7  8  9 |
---------------+----------------------------+-----
Maces & Flails | 4 5 6 8 9 13 15 | 15.4
Fighting       | 5 |  5.5
Armour         | 4 |  4.8
Dodging        | |  2.1

Action                   |  1- 3 |  4- 6 |  7- 9 || total
-------------------------+-------+-------+-------++-------
Melee: Mace              |    80 |    80 |       ||   160
       Headbutt          |     4 |    20 |    75 ||    99
       Morningstar       |       |    57 |   306 ||   363
       Flail             |       |       |   125 ||   125
Invok: Trog's Hand       |       |     2 |     1 ||     3
       Berserk           |       |     1 |     1 ||     2
Evoke: Wand              |       |       |     2 ||     2
  Use: Scroll            |       |       |     2 ||     2
  Eat: Chunk             |     2 |     6 |    18 ||    26
       Ration            |       |       |     1 ||     1
Armor: Animal skin       |    21 |       |       ||    21
       Scale mail        |       |    47 |       ||    47
       Chain mail        |       |    18 |   155 ||   173
       Ring mail         |       |       |    58 ||    58
Dodge: Dodged            |    60 |    85 |   173 ||   318
Block: Kite shield       |       |       |    60 ||    60
